 Dungeon Crawl Stone Soup version 0.29-a0-459-g97dee8cd24 (webtiles) character file.

Game seed: 6909427423514241320

570 happo123 the Sneak (level 7, -1/49 HPs)
             Began as a Djinni Earth Elementalist on May 20, 2022.
             Slain by an orc
             ... wielding a +0 club
              (2 damage)
             ... on level 5 of the Dungeon.
             The game lasted 00:26:31 (3550 turns).

happo123 the Sneak (Djinni Earth Elementalist)      Turns: 3550, Time: 00:26:32

Health: -1/49      AC:  8    Str:  7    XL:     7   Next: 60%
Gold:   168        EV: 13    Int: 18    God:
                   SH:  0    Dex: 14

rFire   + + .      SeeInvis .   r - +2 war axe (vorpal)
rCold   . . .      Faith    .   (no shield)
rNeg    . . .      Spirit   .   u - +2 robe {rC+}
rPois   ∞          Reflect  .   p - +2 helmet
rElec   .          Harm     .   e - scarf {repulsion}
rCorr   .          Rampage  .   j - +0 pair of gloves
Will    .....                   (boots unavailable)
Stlth   +++.......              (no amulet)
HPRegen 0.16/turn               (no ring)
MPRegen 0.00/turn               (no ring)

@: flying, repel missiles
A: sickness immunity, fire resistance 2, cold vulnerability 1, float, innate
caster, HP casting, extra vitality 1
a: no special abilities


You were on level 5 of the Dungeon.
You visited 1 branch of the dungeon, and saw 5 of its levels.

You collected 168 gold pieces.

Inventory:

Hand Weapons
 n - a +2 dagger of venom
 r - a +2 vorpal war axe (weapon)
Missiles
 a - 58 stones
Armour
 e - a scarf of repulsion (worn)
 j - a +0 pair of gloves (worn)
 p - a +2 helmet (worn)
 u - a +2 robe of cold resistance (worn)
Scrolls
 d - 2 scrolls of blinking {unknown}
 f - 5 scrolls of identify
 g - a scroll of magic mapping {unknown}
 h - a scroll of enchant armour {unknown}
 i - a scroll of silence {unknown}
 m - 2 scrolls of poison {unknown}
 q - a scroll of fear {unknown}
 t - 2 scrolls of teleportation {unknown}
 v - a scroll of summoning {unknown}
 x - a scroll of amnesia {unknown}
Potions
 b - a potion of haste {unknown}
 c - 2 potions of attraction {unknown}
 k - 3 potions of curing
 l - a potion of heal wounds {unknown}
 o - a potion of flight {unknown}
 s - 3 potions of invisibility
 w - a potion of might {unknown}
 z - 2 potions of ambrosia {unknown}


   Skills:
 + Level 2.4 Fighting
 + Level 2.3 Armour
 + Level 3.8 Dodging
 * Level 4.1 Stealth
 * Level 3.8 Spellcasting


You couldn't memorise any spells.
You knew the following spells:

 Your Spells              Type           Power      Damage    Failure   Level
a - Sandblast             Erth           34%        2d9       3%          1
b - Passwall              Tmut/Erth      14%        N/A       4%          2
c - Stone Arrow           Conj/Erth      34%        3d9       9%          3
d - Petrify               Tmut/Erth      17%        N/A       30%         4
e - Necrotize             Necr           68%        1d7       3%          1
f - Ensorcelled Hibernat  Hex/Ice        34%        N/A       4%          2
g - Conjure Flame         Conj/Fire      17%        6-21      9%          3
Your spell library was empty.

Dungeon Overview and Level Annotations

Branches:
Dungeon (5/15)
 Temple: D:4-7

Altars:
Wu Jian

Shops:
D:1 *


Innate Abilities, Weirdness & Mutations

You are immune to sickness and miasma.
You are immune to poison.
Your flesh is very heat resistant. (rF++)
You are vulnerable to cold. (rC-)
You float through the air rather than walking.
You learn spells naturally, not from books.
Your magical power is your life essence.
You have superior vitality. (+4 MHP)


Message History

Aim: an orc priest, wielding a +0 club and wearing a +0 ring mail (almost dead, chance to affect: 75%)
The orc priest writhes in agony!
You kill the orc priest!
* * * LOW HITPOINT WARNING * * *
The dead are walking!
The orc attacks as you move away! The orc misses you.
The orc attacks as you move away! The orc completely misses you.
Aiming: Stone Arrow (dangerous; 9% risk of failure)
Press: ? - help, Q - select action, (/) - cycle Shift-Dir - straight line, f - orc
Aim: an orc, wielding a +0 dagger and wearing a +0 leather armour (68% to hit)
Okay, then.
Casting: Stone Arrow (dangerous; 9% risk of failure)
Confirm with . or Enter, or press ? or * to list all spells.
Aiming: Sandblast (safe; 3% risk of failure)
Press: ? - help, Shift-Dir - straight line, f - orc
Aim: an orc, wielding a +0 dagger and wearing a +0 leather armour (79% to hit)
The blast of sand hits the orc!
You kill the orc!
a - 59 stones
* * * LOW HITPOINT WARNING * * *
Your magical contamination has completely faded away.
Casting: Sandblast (safe; 3% risk of failure)
Confirm with . or Enter, or press ? or * to list all spells.
Aiming: Sandblast (safe; 3% risk of failure)
Press: ? - help, Shift-Dir - straight line, f - orc
Aim: an orc, wielding a +0 club and wearing a +0 leather armour (79% to hit)
The blast of sand hits the orc.
The orc is heavily wounded.
a - 58 stones
* * * LOW HITPOINT WARNING * * *
The orc attacks as you move away! The orc hits you but does no damage.
Found 5 gold pieces.
The orc attacks as you move away! The orc barely misses you.
The orc attacks as you move away! The orc hits you with a +0 club.
* * * LOW HITPOINT WARNING * * *
Casting: Sandblast (safe; 3% risk of failure)
Confirm with . or Enter, or press ? or * to list all spells.
You don't have enough health to cast this spell.
The orc attacks as you move away! The orc hits you with a +0 club.
You die...

.......................).)....
.....#.#.#####=#.##.#.##......
..#..#.#)....#.#.##.#.# .....
..#..#.#.).#.#.#.##.#Z# ....
..#.##.#...# ....##.#)# ...
..........## #.####.#o# ##
###........ #.. ..#.#
.......###.#.########.#
.....### #......@o.o..# .###.#
#..########..# .# # ..# #..#
.# #..# .....# #..# .#####
#..# .. #$.. ... ##.# .###


You could see 2 orcs.

Vanquished Creatures
  Sigmund (D:5)
  A phantom (D:3)
  A scorpion (D:4)
  An orc priest (D:5)
  2 orc wizards (D:4)
  Robin (D:2)
  8 adders
  10 orcs
  An endoplasm (D:2)
  2 giant cockroaches (D:2)
  17 goblins
  7 hobgoblins
  8 jackals (D:2)
  9 kobolds
  7 quokkas
  6 ball pythons
  5 bats
  2 frilled lizards (D:1)
  18 rats
107 creatures vanquished.

Vanquished Creatures (collateral kills)
  A bat (D:2)
  6 rats (D:2)
7 creatures vanquished.

Grand Total: 114 creatures vanquished

Notes
Turn   | Place    | Note
-------+----------+-------------------------------------------
     0 | D:1      | happo123 the Djinni Earth Elementalist began the quest for
                  | the Orb.
     0 | D:1      | Reached XP level 1. HP: 15/15 MP: 0/0
    93 | D:1      | Reached XP level 2. HP: 10/21 MP: 0/0
   211 | D:1      | Found Apexuoni's Assorted Antiques.
   235 | D:1      | Reached skill level 2 in Stealth
   334 | D:1      | Found a faded altar of an unknown god.
   919 | D:2      | Reached XP level 3. HP: 23/26 MP: 0/0
   919 | D:2      | Learned a level 1 spell: Necrotize
  1076 | D:2      | Reached skill level 1 in Fighting
  1076 | D:2      | Reached XP level 4. HP: 4/32 MP: 0/0
  1739 | D:3      | Noticed Robin
  1752 | D:2      | Reached skill level 1 in Armour
  1914 | D:2      | Killed Robin
  1915 | D:2      | Reached XP level 5. HP: 12/37 MP: 0/0
  1915 | D:2      | Learned a level 2 spell: Ensorcelled Hibernation
  2370 | D:3      | Noticed a phantom
  2377 | D:3      | Killed a phantom
  2378 | D:3      | Reached skill level 3 in Stealth
  2378 | D:3      | Reached XP level 6. HP: 28/43 MP: 0/0
  3141 | D:4      | Reached XP level 7. HP: 45/49 MP: 0/0
  3141 | D:4      | Learned a level 3 spell: Conjure Flame
  3446 | D:4      | Found an ornate altar of the Wu Jian Council.
  3476 | D:5      | Entered Level 5 of the Dungeon
  3505 | D:5      | Noticed Sigmund
  3509 | D:5      | Killed Sigmund
  3510 | D:5      | Reached skill level 4 in Stealth
  3549 | D:5      | HP: 1/49 [orc/+0 club (5)]
  3550 | D:5      | Slain by an orc

Illustrated notes

Levels and vault maps discovered:
D:1:      dpeg_arrival_boxorama, layout_basic, ebering_ecumenical_altar_ruins,
          serial_shops, nicolae_shop_stone
D:2:      layout_rooms, corexii_leaking_fountain, minmay_rat_hole
D:3:      layout_rooms, uniq_robin
D:4:      layout_gridville, mainiacjoe_overflow_24_doors, hangedman_decor_push
D:5:      layout_basic, minmay_temple_entry_tees, uniq_blork_the_orc,
          uniq_sigmund

Skill      XL: |  1  2  3  4  5  6  7 |
---------------+----------------------+-----
Stealth        | 2 3 4 |  4.1
Fighting       | 1 2 |  2.4
Armour         | 1 2 |  2.3
Spellcasting   | 3 |  3.8
Dodging        | 3 |  3.8

Action                   |  1- 3 |  4- 6 |  7- 9 || total
-------------------------+-------+-------+-------++-------
Melee: Unarmed           |     1 |     7 |       ||     8
       Dagger            |       |     9 |       ||     9
       War axe           |       |    23 |     4 ||    27
 Cast: Sandblast         |    32 |    54 |     3 ||    89
       Passwall          |     1 |       |       ||     1
       Necrotize         |    24 |    24 |     2 ||    50
       Stone Arrow       |       |     4 |     5 ||     9
  Use: Scroll            |       |       |     2 ||     2
 Stab: Sleeping          |       |     1 |       ||     1
Armor: Robe              |     7 |    14 |     2 ||    23
       Leather armour    |       |    18 |       ||    18
Dodge: Dodged            |    18 |    76 |     5 ||    99

Table legend: (Time is in decaauts)
 A = Elapsed time spent in this place.
 B = Non-inter-level travel time spent in this place.
 C = Inter-level travel time spent in this place.
 D = Time resting spent in this place.
 E = Time spent auto-exploring this place.
 F = Levels seen in this place.
 G = Mean time per level.
                   A        B        C        D        E       F      G
               +--------+--------+--------+--------+--------+-----+--------+
         Total |   3564 |   1718 |   1846 |    549 |    395 |   5 |  712.8 |
       Dungeon |   3564 |   1718 |   1846 |    549 |    395 |   5 |  712.8 |
               +--------+--------+--------+--------+--------+-----+--------+

Top non-repeatable levels by time:
     D:2: 1254 daAuts
     D:1: 889 daAuts
     D:4: 798 daAuts
     D:3: 548 daAuts
     D:5: 73 daAuts
